 Dungeon Crawl Stone Soup version 0.28.0-45-g0d030f2227 (webtiles) character file.

Game seed: 3277061005182527360

76 101zpm the Chiller (level 4, 0/24 HPs)
             Began as a Deep Elf Ice Elementalist on Apr 20, 2022.
             Slain by Grinder (4 damage)
             ... on level 3 of the Dungeon.
             The game lasted 00:03:08 (1020 turns).

101zpm the Chiller (Deep Elf Ice Elementalist)      Turns: 1020, Time: 00:03:10

Health: 0/24       AC:  2    Str:  5    XL:     4   Next: 12%
Magic:  5/12       EV: 13    Int: 22    God:
Gold:   0          SH:  0    Dex: 15    Spells: 4/11 levels left

rFire   . . .      SeeInvis .   c - +0 long sword
rCold   . . .      Faith    .   (no shield)
rNeg    . . .      Spirit   .   a - +0 robe
rPois   .          Reflect  .   (no helmet)
rElec   .          Harm     .   (no cloak)
rCorr   .          Rampage  .   (no gloves)
Will    .....                   (no boots)
Stlth   ++........              (no amulet)
HPRegen 0.08/turn               b - +4 ring of slaying
MPRegen 0.13/turn               (no ring)

@: freezing walls, very slightly contaminated
A: no striking features
a: no special abilities


You were on level 3 of the Dungeon.
You visited 1 branch of the dungeon, and saw 3 of its levels.

Inventory:

Hand Weapons
 c - a +0 long sword (weapon)
 d - the +6 hunting sling of the Rat {venom, *Slow rElec Str+5}
   (You found it on level 3 of the Dungeon)

   Any ammunition fired from it poisons the flesh of those it strikes.
   Str:       It affects your strength (+5).
   rElec:     It insulates you from electricity.
   *Slow:     It may slow you when you take damage.
Armour
 a - a +0 robe (worn)
Jewellery
 b - a +4 ring of slaying (left hand)


   Skills:
 + Level 3.0 Dodging
 + Level 2.5 Stealth
 + Level 4.3 Spellcasting
 + Level 5.3 Ice Magic


You had 4 spell levels left.
You knew the following spells:

 Your Spells              Type           Power      Damage    Failure   Level
a - Freeze                Ice            100%       1d11      1%          1
b - Frozen Ramparts       Ice            56%        1d7       3%          3
c - Ozocubu's Armour      Ice            28%        N/A       3%          3

Your spell library contained the following spells:

 Spells                   Type           Power      Damage    Failure   Level
 Hailstorm                Conj/Ice       16%        3d6       34%         4


Dungeon Overview and Level Annotations

Branches:
Dungeon (3/15)

Altars:
Qazlal

Annotations:
D:3 Grinder


Message History

Casting: Frozen Ramparts (quite dangerous; 3% risk of failure)
Confirm with . or Enter, or press ? or * to list all spells.
The spell is quite dangerous to miscast (3% risk of failure)!
Continue anyway?
Casting: Frozen Ramparts (quite dangerous; 3% risk of failure)
Press: ? - help, Dir - look around, f - activate The walls around you are covered in ice.
Grinder shouts!
Grinder drinks a potion.
Grinder seems to speed up.
The frozen ramparts melt away.
Casting: Frozen Ramparts (quite dangerous; 3% risk of failure)
Confirm with . or Enter, or press ? or * to list all spells.
The spell is quite dangerous to miscast (3% risk of failure)!
Continue anyway?
Casting: Frozen Ramparts (quite dangerous; 3% risk of failure)
Press: ? - help, Dir - look around, f - activate The walls around you are covered in ice.
Grinder completely resists.
The wall freezes Grinder but does no damage.
Grinder resists.
The wall freezes Grinder.
Aiming: Freeze (safe; 1% risk of failure)
Press: ? - help, Q - select action Shift-Dir - straight line, f - Grinder
Aim: Grinder (lightly wounded, fast)
You miscast Freeze.
You are very lightly contaminated with residual magic.
Nothing appears to happen.
Grinder completely resists.
The wall freezes Grinder but does no damage.
Grinder gestures at you. Pain shoots through your body!
Aiming: Freeze (safe; 1% risk of failure)
Press: ? - help, Q - select action Shift-Dir - straight line, f/p - Grinder
Aim: Grinder (lightly wounded, fast)
You freeze Grinder.
Grinder resists.
Grinder is lightly wounded.
Grinder resists.
The wall freezes Grinder.
Grinder hits you!
You writhe in agony.
* * * LOW HITPOINT WARNING * * *
Grinder completely resists.
The wall freezes Grinder but does no damage.
Grinder hits you.
You die...

####### ## #.....# ..
#.###.# ## #.# #.# #.#
#.# . #.#
#.##########... # #.#
#.##...@5...... #.#
#.##.#######... #.#
#.....# #.# #.....# #.#
#.....# #.#
#.....##################
#.#
#.......................
#.#
#......#######.....#####
#.# #..))..##..........#
#.


You could see Grinder (fast).

Vanquished Creatures
  A jelly (D:3)
  3 adders (D:3)
  4 orcs (D:3)
  A ball python (D:1)
  An endoplasm (D:3)
  3 goblins (D:3)
  2 bats (D:3)
  A frilled lizard (D:3)
16 creatures vanquished.

Notes
Turn   | Place    | Note
-------+----------+-------------------------------------------
     0 | D:1      | 101zpm the Deep Elf Ice Elementalist began the quest for
                  | the Orb.
     0 | D:1      | Reached XP level 1. HP: 10/10 MP: 6/6
    39 | D:2      | Found a stormy altar of Qazlal.
    63 | D:3      | Reached XP level 2. HP: 11/15 MP: 4/8
   202 | D:3      | Reached skill level 5 in Ice Magic
   486 | D:3      | Reached XP level 3. HP: 16/19 MP: 4/9
   669 | D:3      | Identified the +6 hunting sling of the Rat {venom, *Slow
                  | rElec Str+5}
   759 | D:3      | Learned a level 3 spell: Frozen Ramparts
   763 | D:3      | Learned a level 3 spell: Ozocubu's Armour
   904 | D:3      | Reached XP level 4. HP: 24/24 MP: 8/12
  1007 | D:3      | Noticed Grinder
  1020 | D:3      | Slain by Grinder

Illustrated notes

Levels and vault maps discovered:
D:1:      evilmike_arrival_fibonacci_small, layout_loops_corners,
          hellmonk_ecumenical_altar_heavens_door, serial_forest,
          infiniplex_forest_lined_room_2, infiniplex_forest_lined_room_2,
          infiniplex_forest_end_2, infiniplex_forest_clump_cross,
          infiniplex_forest_clump_cross, infiniplex_forest_end_3,
          infiniplex_forest_lined_room_3, infiniplex_forest_lined_room_2
D:2:      layout_loops_cross, basic_altar, wad_floor_pattern_1, minmay_ruptured
D:3:      layout_basic, moated_statue, st_stairs_12, uniq_grinder

Skill      XL: |  1  2  3 |
---------------+----------+-----
Ice Magic      | 5 |  5.3
Dodging        | 3 |  3.0
Spellcasting   | 4 |  4.3
Stealth        | |  2.5

Action                   |  1- 3 |  4- 6 || total
-------------------------+-------+-------++-------
Melee: Long sword        |     2 |       ||     2
       Unarmed           |     1 |       ||     1
 Cast: Freeze            |    20 |     1 ||    21
       Frozen Ramparts   |     3 |     2 ||     5
Armor: Robe              |     2 |       ||     2
Dodge: Dodged            |    10 |       ||    10
